 Dungeon Crawl Stone Soup version 0.16-a0-357-g0c033bd (webtiles) character file.

14 PolkaDot the Caller (level 2, 0/19 HPs)
             Began as a Vampire Summoner on Sept 10, 2014.
             Slain by a goblin
             ... wielding a +0 club
              (4 damage)
             ... on Level 1 of the Dungeon.
             The game lasted 00:02:44 (558 turns).

PolkaDot the Caller (Vampire Summoner)               Turns: 558, Time: 00:02:44

HP   0/19        AC  4     Str  7      XL: 2   Next: 31%
MP   0/4         EV 12     Int 17      God:
Gold 8           SH  0     Dex 14      Spells:  1 memorised,  4 levels left

rFire  . . .     SeeInvis +     (no weapon)
rCold  . . .     Clarity  .     a - +0 robe
rNeg   . . .     rCorr    .     (no shield)
rPois  .         rRot     .     (no helmet)
rElec  .         Spirit   .     (no cloak)
SustAb .         Warding  .     (no gloves)
rMut   .         Stasis   .     e - +1 pair of boots
Gourm  .                        (no amulet)
MR     +....                    (no ring)
                                d - ring of protection from magic

@: regenerating quickly, somewhat resistant to hostile enchantments, unstealthy
A: fangs 3, see invisible, unbreathing
a: no special abilities


You were on level 1 of the Dungeon.
You were very full.

You visited 1 branch of the dungeon, and saw 1 of its levels.

You collected 8 gold pieces.

Inventory:

Armour
 a - a +0 robe (worn)
 e - a +1 pair of boots (worn)
Scrolls
 c - 2 scrolls of identify {unknown}
Jewellery
 d - a ring of protection from magic (left hand)
Books
 b - a book of Callings

   Spells                             Type                      Level
   *Summon Small Mammal               Summoning                    1
   Call Imp                           Summoning                    2
   Call Canine Familiar               Summoning                    3
   Summon Guardian Golem              Hexes/Summoning              4
   Summon Lightning Spire             Summoning/Air                4
   Summon Ice Beast                   Ice/Summoning                4


   Skills:
 - Level 2.1 Dodging
 - Level 3.0 Stealth
 - Level 2.0 Spellcasting
 * Level 4.6 Summonings


You had 4 spell levels left.
You knew the following spells:

 Your Spells              Type           Power        Failure   Level  Hunger
a - Summon Small Mammal   Summ           ###.         2%          1    #......


Dungeon Overview and Level Annotations

Branches:
Dungeon (1/15)

Altars:


Innate Abilities, Weirdness & Mutations

Your natural rate of healing is unusually fast.
You have razor-sharp teeth.
You have supernaturally acute eyesight.
You can survive without breathing.


Message History

You see here 26 stones.
Casting: Summon Small Mammal
Confirm with . or Enter, or press ? or * to list all spells.
The hobgoblin hits you.
* * * LOW HITPOINT WARNING * * *
Casting: Summon Small Mammal
Confirm with . or Enter, or press ? or * to list all spells.
Your bat closely misses the hobgoblin.
The hobgoblin hits you.
* * * LOW HITPOINT WARNING * * *
Your bat hits the hobgoblin.
Casting: Summon Small Mammal
Confirm with . or Enter, or press ? or * to list all spells.
* * * LOW MAGIC WARNING * * *
Your bat barely misses the hobgoblin.
Your rat bites the hobgoblin.
The hobgoblin dies!
Casting: Summon Small Mammal
Confirm with . or Enter, or press ? or * to list all spells.
* * * LOW MAGIC WARNING * * *
Your bat misses the goblin. The goblin hits you with a club.
You die...

....# #......#.#.#.......#
....# ######.#.#.##......#
.#..# #...#.##......#
.##.#
########.#.......#####
'##(# #......#.#.#.###.#
....# #..###.#.#.#.# #.#
.)..###+#....#.#)#.#.###.#
....#<#....⌠.#.#g#.#.#...#
....#.#..#....bb@#.#.##.##
....#.%.####...rr#.#....#
.[..#.#..#.......#.######
###.#.#....⌠.#.#...#
###.###+#....#.#.### ....#
#..###.#.# ....#
#..r...#.#
....############.#
.................#


You could see a goblin, 2 friendly bats and 2 friendly rats.

Vanquished Creatures
  A ball python (D:1)
  3 hobgoblins (D:1)
  3 jackals (D:1)
  A goblin (D:1)
  A kobold (D:1)
  2 rats (D:1)
11 creatures vanquished.

Vanquished Creatures (collateral kills)
  A hobgoblin (D:1)
  2 bats (D:1)
  2 rats (D:1)
5 creatures vanquished.

Vanquished Creatures (others)
  2 bats (D:1)
  2 rats (D:1)
4 creatures vanquished.

Grand Total: 20 creatures vanquished

Notes
Turn   | Place    | Note
--------------------------------------------------------------
     0 | D:1      | PolkaDot, the Vampire Summoner, began the quest for the Orb.
     0 | D:1      | Reached XP level 1. HP: 13/13 MP: 3/3
   281 | D:1      | Reached XP level 2. HP: 13/19 MP: 0/4
   558 | D:1      | Slain by a goblin

Action                   || total
-------------------------++-------
Melee: Unarmed           ||    70
 Cast: Summon Small Mamm ||    16
  Use: Potion            ||     1
 Stab: Sleeping          ||     1
  Eat: Corpse            ||     6
